AoeStats
← kriket

MegaRandom

509462899Analyzed
4v4 RM · 5d ago on Sep 26, 2026· 31m 46s· 8 players
Game mode
Random Map
Map size
Large (8 player)
Population
200
Speed
Normal
Resources
Standard
Victory
Conquest
Starting age
Dark Age
Ending age
Imperial Age
RankedLock teamsTeams togetherTeam positionsShared explorationLock speedFull tech treeHidden civsTurbo modeCheats
Victory
Defeat
🇫🇷 Vietnamese · France
1167
+14
🇷🇺 Ethiopians · Russia
1115
+17
🇷🇺 Georgians · Russia
1108
+17
🇬🇧 Danes · United Kingdom
1090
+18
🇺🇸 Khmer · United States
1160
-18
🇨🇱 Japanese · Chile
1148
-17
🇦🇷 Saracens · Argentina
1142
-17
🇨🇳 Ethiopians · China
1067
-14
fairoz05329
9:03 Feudal Age
9:59 Double-Bit Axe
13:40 Fletching
19:23 Castle Age
17:59 Gold Mining
18:30 Padded Archer Armor
18:42 Horse Collar
20:33 Wheelbarrow
19:29 Crossbowman
21:05 Bodkin Arrow
23:51 Ballistics
24:55 Bow Saw
26:44 Leather Archer Armor
26:39 Forging
27:50 Hand Cart
31:24 Thumb Ring
kriket
0:39 Loom
11:57 Feudal Age
16:13 Castle Age
15:54 Double-Bit Axe
15:53 Horse Collar
21:11 Bow Saw
22:05 Heavy Plow
25:52 Wheelbarrow
26:09 Town Watch
26:38 Crossbowman
27:53 Fletching
28:04 Padded Archer Armor
28:52 Bodkin Arrow
29:35 Ballistics
29:26 Masonry
30:32 Thumb Ring
32:34 Leather Archer Armor
Creedling
11:47 Feudal Age
11:53 Man-at-Arms
12:20 Arson
15:10 Wheelbarrow
14:17 Horse Collar
16:39 Fishing Lines
19:35 Stone Mining
19:36 Gold Mining
20:08 Double-Bit Axe
24:58 Castle Age
22:44 Loom
22:44 Town Watch
28:25 Scale Mail Armor
28:42 Forging
28:22 Fletching
30:31 Bow Saw
Sussy_Floppa
0:44 Loom
9:25 Feudal Age
11:10 Double-Bit Axe
12:53 Forging
17:48 Scale Barding Armor
22:18 Castle Age
21:33 Horse Collar
24:34 Fervor
25:52 Wheelbarrow
26:13 Bow Saw
26:15 Heavy Plow
26:56 Town Watch
29:44 Bloodlines
29:45 Gold Mining
30:32 Chain Barding Armor
32:05 Hand Cart
31:59 Husbandry
3rdiesel
10:09 Feudal Age
12:53 Double-Bit Axe
14:31 Loom
16:47 Castle Age
Tesorito
10:24 Feudal Age
8:40 Loom
14:25 Castle Age
13:03 Double-Bit Axe
14:50 Wheelbarrow
18:41 Town Watch
TheDuff_KøK
1:28 Loom
10:47 Feudal Age
12:12 Double-Bit Axe
14:29 Castle Age
13:37 Horse Collar
casuai
0:46 Loom
9:31 Feudal Age
14:27 Castle Age
13:10 Double-Bit Axe
20:35 Town Watch
22:01 Horse Collar
Connection lost

Rejoining the realm…

Still unreachable

The connection could not be restored.

Session expired

The server has moved on; the page needs a fresh start.